 Dungeon Crawl Stone Soup version 0.22-a0-280-g69bf1f3 (webtiles) character file.

217 tidbits the Insei (level 5, -2/41 HPs)
             Began as a Gnoll Transmuter on Mar 16, 2018.
             Killed by nerve-wracking pain
             ... invoked by an orc priest
              (10 damage)
             ... on level 4 of the Dungeon.
             The game lasted 00:08:29 (978 turns).

tidbits the Insei (Gnoll Transmuter)                 Turns: 978, Time: 00:08:29

Health: -2/41      AC:  2    Str: 13    XL:     5   Next: 94%
Magic:  10/12      EV: 24    Int: 16    God:
Gold:   134        SH:  0    Dex: 20    Spells: 8/14 levels left

rFire    . . .     SeeInvis .     - Unarmed
rCold    . . .     Gourm    .   (shield currently unavailable)
rNeg     . . .     Faith    .   (armour currently unavailable)
rPois    x         Spirit   .   (helmet currently unavailable)
rElec    .         Reflect  .   (cloak currently unavailable)
rCorr    .         Harm     .   (gloves currently unavailable)
MR       .....     Rnd*Tele +   (boots currently unavailable)
Stlth    ++........             (no amulet)
HPRegen  0.13/turn              s - ring of teleportation (curse)
MPRegen  0.13/turn              (no ring)

@: spider-form
A: tiny, distributed training, strong nose
a: End Transformation


You were on level 4 of the Dungeon.
You were not hungry.
You were a venomous arachnid creature.
You visited 1 branch of the dungeon, and saw 5 of its levels.

You collected 134 gold pieces.

Inventory:

Hand Weapons
 a - a +0 dagger of venom (melded)
   (You took it off a goblin on level 3 of the Dungeon)
 i - a +0 dagger
 o - a +0 dagger
 p - a +0 blowgun
Missiles
 g - 12 sling bullets
 h - 38 stones (quivered)
 q - 3 poisoned needles
 t - 128 arrows
Armour
 b - a +0 robe (melded)
 k - a +2 shield
Jewellery
 s - a cursed ring of teleportation (left front leg)
   (You found it on level 3 of the Dungeon)
Scrolls
 c - 2 scrolls of fog {unknown}
 e - 2 scrolls of teleportation {unknown}
 f - a scroll of blinking {unknown}
 j - 2 scrolls of identify {unknown}
 l - a scroll of magic mapping {unknown}
 r - a scroll of remove curse {unknown}
 u - a scroll of enchant weapon {unknown}
 v - a scroll of random uselessness {unknown}
Potions
 m - 2 potions of berserk rage {unknown}
 n - a potion of degeneration {unknown}
Comestibles
 d - 6 rations


   Skills:
 + Level 3.1 Fighting
 + Level 1.6 Short Blades
 + Level 1.6 Long Blades
 + Level 1.6 Axes
 + Level 1.6 Maces & Flails
 + Level 1.6 Polearms
 + Level 1.6 Staves
 + Level 1.6 Slings
 + Level 1.6 Bows
 + Level 1.6 Crossbows
 + Level 1.6 Throwing
 + Level 1.6 Armour
 + Level 4.8 Dodging
 + Level 1.6 Stealth
 + Level 1.6 Shields
 + Level 6.7 Unarmed Combat
 + Level 5.2 Spellcasting
 + Level 1.3 Conjurations
 + Level 1.3 Hexes
 + Level 1.3 Charms
 + Level 1.3 Summonings
 + Level 1.3 Necromancy
 + Level 1.3 Translocations
 + Level 4.0 Transmutations
 + Level 1.3 Fire Magic
 + Level 1.3 Ice Magic
 + Level 1.3 Air Magic
 + Level 1.3 Earth Magic
 + Level 1.3 Poison Magic
 + Level 1.9 Invocations
 + Level 1.6 Evocations


You had 8 spell levels left.
You knew the following spells:

 Your Spells              Type           Power        Failure   Level  Hunger
e - Beastly Appendage     Tmut           ###...       10%         1    None
k - Sticks to Snakes      Tmut           ###.....     13%         2    #......
p - Spider Form           Tmut/Pois      ##........   32%         3    ###....


Dungeon Overview and Level Annotations

Branches:
Dungeon (5/15)
 Temple: D:4-7

Altars:

Annotations:
D:2 Sigmund


Innate Abilities, Weirdness & Mutations

Your experience applies equally to all skills.
((You have very sharp teeth.))
Your uncanny sense of smell can sniff out nearby items.


Message History

Your Transmutations skill increases to level 4!
Items here: ) [ †† a dagger; a robe; a worker ant corpse; an orc corpse
Items here: )) [[ †† Butcher an orc corpse? [(y)es/(n)o/(a)ll/(q)uit/?]
Butcher an orc corpse? [(y)es/(n)o/(a)ll/(q)uit/?]
Okay, then.
You butcher the orc corpse.
Items here: % )) [[ † Unknown command.
Eat one of 3 chunks of flesh? (ye/n/q)
You eat one of the 3 chunks of flesh.
This raw flesh tastes terrible.
A giant cockroach comes into view.
There is a stone staircase leading down here.
Unknown command.
You climb downwards.
A leopard gecko comes into view.
There is a stone staircase leading up here.
The helpless leopard gecko fails to defend itself.
You puncture the leopard gecko!
You kill the leopard gecko!
Casting: Spider Form (safe; 16% risk of failure)
Confirm with . or Enter, or press ? or * to list all spells.
You turn into a venomous arachnid creature.
Your +0 dagger of venom melds into your body.
Your +0 robe melds into your body.
Your +0 dagger of venom stops dripping with poison.
There is a stone staircase leading up here.
You climb upwards.
There is a stone staircase leading down here.
Unknown command.
Casting: Spider Form (safe; 34% risk of failure)
Confirm with . or Enter, or press ? or * to list all spells.
You create a snake!
You now have 128 arrows.
The worker ant twitches its antennae in your direction.
The worker ant bites you.
There is a stone staircase leading down here.
You completely miss the worker ant.
Your ball python bites the giant cockroach but does no damage.
Your ball python grabs the giant cockroach.
Your ball python constricts the giant cockroach.
The worker ant closely misses you.
The giant cockroach bites your ball python.
You hit the worker ant but do no damage.
The worker ant is poisoned.
Your ball python bites the giant cockroach.
Your ball python constricts the giant cockroach.
The worker ant completely misses you.
The giant cockroach barely misses your ball python.
You bite the worker ant!
The worker ant is heavily wounded.
Your ball python bites the giant cockroach.
The giant cockroach dies!
The worker ant misses you.
You bite the worker ant!
You kill the worker ant!
Your transformation is almost over.
Your ball python withers and dies!
Your transformation has ended.
Your +0 dagger of venom unmelds from your body.
Your +0 robe unmelds from your body.
Your +0 dagger of venom begins to drip with poison!
An orc comes into view. It is wielding an enchanted hand axe.
An orc priest comes into view.
The orc priest shouts!
The orc shouts!
An adder comes into view.
Casting: Sticks to Snakes (safe; 4% risk of failure)
Confirm with . or Enter, or press ? or * to list all spells.
You turn into a venomous arachnid creature.
Your +0 dagger of venom melds into your body.
Your +0 robe melds into your body.
Your +0 dagger of venom stops dripping with poison.
The adder barely misses you.
You barely miss the adder. The adder misses you.
You bite the adder!
The adder is severely wounded.
The adder misses you. The orc completely misses you.
You closely miss the adder.
The adder is severely wounded.
The adder completely misses you.
You bite the adder!
You kill the adder!
The orc hits you with an enchanted hand axe.
You bite the orc!
You kill the orc!
The orc priest barely misses you.
Things that are here:
an enchanted hand axe; an orc corpse You bite the orc priest!
The orc priest is poisoned.
The orc priest is heavily wounded.
The orc priest calls down the wrath of Beogh upon you.
Beogh smites you!
* * * LOW HITPOINT WARNING * * *
You hear a shout!
You hit the orc priest.
The orc priest looks as sick as possible!
The orc priest is severely wounded.
The orc priest calls down the wrath of Beogh upon you.
Pain shoots through your body!
You die...

..[[%.# # #.#.#
.....##.#### #.#.#####
.<..>....†.. .....o...
..##.##.#######.#....oS
.......................
...#.##.#...........o.#
...........####.#.###.
......#.#..# #.#####.#
......# #..# #os.....#
.....##.#..# #########
........#..#
...........#
.#.#######.#
.#.........#
.#.#######.# #### ###


You could see an orc priest.

Vanquished Creatures
  2 orc wizards
  2 worker ants (D:4)
  4 adders
  An ooze (D:1)
  A worm (D:2)
  2 leopard geckos
  12 orcs
  2 giant cockroaches (D:2)
  7 goblins
  7 hobgoblins
  3 jackals (D:3)
  3 bats (D:2)
  3 kobolds
  A rat (D:2)
50 creatures vanquished.

Vanquished Creatures (collateral kills)
  An orc wizard (D:4)
  An orc (D:4)
  A giant cockroach (D:4)
3 creatures vanquished.

Grand Total: 53 creatures vanquished

Notes
Turn   | Place    | Note
-------+----------+-------------------------------------------
     0 | D:1      | tidbits the Gnoll Transmuter began the quest for the Orb.
     0 | D:1      | Reached XP level 1. HP: 17/17 MP: 6/6
   103 | D:1      | Reached XP level 2. HP: 21/23 MP: 7/7
   107 | D:1      | Learned a level 2 spell: Sticks to Snakes
   222 | D:2      | Reached XP level 3. HP: 15/28 MP: 6/9
   229 | D:2      | Learned a level 3 spell: Spider Form
   319 | D:2      | Reached skill level 5 in Spellcasting
   580 | D:2      | Noticed Sigmund
   616 | D:3      | Reached skill level 1 in Invocations
   624 | D:3      | Reached skill level 1 in Short Blades
   624 | D:3      | Reached skill level 1 in Long Blades
   624 | D:3      | Reached skill level 1 in Axes
   624 | D:3      | Reached skill level 1 in Maces & Flails
   624 | D:3      | Reached skill level 1 in Polearms
   624 | D:3      | Reached skill level 1 in Staves
   624 | D:3      | Reached skill level 1 in Slings
   624 | D:3      | Reached skill level 1 in Bows
   624 | D:3      | Reached skill level 1 in Crossbows
   624 | D:3      | Reached skill level 1 in Throwing
   624 | D:3      | Reached skill level 1 in Armour
   624 | D:3      | Reached skill level 1 in Stealth
   624 | D:3      | Reached skill level 1 in Shields
   624 | D:3      | Reached skill level 1 in Evocations
   624 | D:3      | Reached XP level 4. HP: 34/34 MP: 2/11
   712 | D:3      | Reached skill level 1 in Conjurations
   712 | D:3      | Reached skill level 1 in Hexes
   712 | D:3      | Reached skill level 1 in Charms
   712 | D:3      | Reached skill level 1 in Summonings
   712 | D:3      | Reached skill level 1 in Necromancy
   712 | D:3      | Reached skill level 1 in Translocations
   712 | D:3      | Reached skill level 1 in Fire Magic
   712 | D:3      | Reached skill level 1 in Ice Magic
   712 | D:3      | Reached skill level 1 in Air Magic
   712 | D:3      | Reached skill level 1 in Earth Magic
   712 | D:3      | Reached skill level 1 in Poison Magic
   757 | D:3      | Reached XP level 5. HP: 40/40 MP: 5/12
   901 | D:4      | Reached skill level 3 in Fighting
   910 | D:4      | Reached skill level 4 in Transmutations
   918 | D:5      | Entered Level 5 of the Dungeon
   978 | D:4      | Killed from afar by an orc priest

Vault maps used:
D:1:      lightli_arrival_flooded_house, supply_closet_lemuel,
          minmay_splitting_lines
D:2:      serial_corexii_hall, corexii_hall_statues_x, corexii_hall_statues_x,
          uniq_sigmund
D:3:      grunt_temple_overflow_forces_of_nature, yredelemnul_altar_generic
D:4:      elyvilon_altar_5, lemuel_round_altar, minmay_temple_entry_glass,
          first_ration
D:5:      uniq_edmund

Skill      XL: |  1  2  3  4  5 |
---------------+----------------+-----
Spellcasting   | 5 |  5.2
Invocations    | 1 |  1.9
Short Blades   | 1 |  1.6
Long Blades    | 1 |  1.6
Axes           | 1 |  1.6
Maces & Flails | 1 |  1.6
Polearms       | 1 |  1.6
Staves         | 1 |  1.6
Slings         | 1 |  1.6
Bows           | 1 |  1.6
Crossbows      | 1 |  1.6
Throwing       | 1 |  1.6
Armour         | 1 |  1.6
Stealth        | 1 |  1.6
Shields        | 1 |  1.6
Evocations     | 1 |  1.6
Conjurations   | 1 |  1.3
Hexes          | 1 |  1.3
Charms         | 1 |  1.3
Summonings     | 1 |  1.3
Necromancy     | 1 |  1.3
Translocations | 1 |  1.3
Fire Magic     | 1 |  1.3
Ice Magic      | 1 |  1.3
Air Magic      | 1 |  1.3
Earth Magic    | 1 |  1.3
Poison Magic   | 1 |  1.3
Fighting       | 3 |  3.1
Transmutations | 4 |  4.0
Dodging        | |  4.8
Unarmed Combat | |  6.7

Action                   |  1- 3 |  4- 6 || total
-------------------------+-------+-------++-------
Melee: Unarmed           |    49 |    60 ||   109
       Kick              |     2 |       ||     2
       Punch             |     3 |       ||     3
       Headbutt          |     2 |       ||     2
       Bite              |     1 |       ||     1
       Dagger            |       |     3 ||     3
 Cast: Beastly Appendage |    10 |       ||    10
       Sticks to Snakes  |     5 |     2 ||     7
       Spider Form       |     3 |     7 ||    10
 Abil: End Transformatio |     1 |       ||     1
 Stab: Sleeping          |       |     1 ||     1
  Eat: Chunk             |       |     1 ||     1
Armor: Robe              |     2 |     1 ||     3
Dodge: Dodged            |    23 |    30 ||    53

Table legend:
 A = Spawn XP
 B = Non-spawn XP
 C = Spawn XP percentage of total XP
 D = Spawn monster count
 E = Non-spawn monster count
 F = Spawn count percentage of total count
 G = Total turns spent on level
                    A         B        C        D         E        F      G
               +---------+---------+-------+---------+---------+-------+---------
         Total |       0 |     311 |   0.0 |       0 |      53 |   0.0 |   978
               +---------+---------+-------+---------+---------+-------+---------
           D:1 |       0 |      10 |   0.0 |       0 |       3 |   0.0 |   168
           D:2 |       0 |      41 |   0.0 |       0 |      15 |   0.0 |   423
           D:3 |       0 |     115 |   0.0 |       0 |      23 |   0.0 |   272
           D:4 |       0 |     142 |   0.0 |       0 |      11 |   0.0 |   107
           D:5 |       0 |       3 |   0.0 |       0 |       1 |   0.0 |     8
               +---------+---------+-------+---------+---------+-------+---------

Table legend:
 A = Turns spent in this place as a percentage of turns spent in the entire game.
 B = Non-inter-level travel turns spent in this place as a percentage of non-inter-level travel turns spent in the entire game.
 C = Inter-level travel turns spent in this place as a percentage of turns spent in this place.
 D = Turns resting spent in this place as a percentage of non-inter-level travel turns spent in this place.
 E = Turns spent auto-exploring this place as a percentage of non-inter-level travel turns spent in this place.
 F = Non-inter-level travel turns spent in this place divided by the number of levels of this place that you've seen.
                   A       B       C       D       E      F
               +-------+-------+-------+-------+-------+----------------------
         Total | 100.0 | 100.0 |   0.0 |   0.0 |   0.0 | 195.6
       Dungeon | 100.0 | 100.0 |   0.0 |   0.0 |   0.0 | 195.6
               +-------+-------+-------+-------+-------+----------------------

Table legend:
 A = Kills in this place as a percentage of kills in entire the game.
 B = Kills by you in this place as a percentage of kills by you in the entire game.
 C = Kills by friends in this place as a percentage of kills by friends in the entire game.
 D = Other kills in this place as a percentage of other kills in the entire game.
 E = Experience gained in this place as a percentage of experience gained in the entire game.
 F = Experience gained in this place divided by the number of levels of this place that you have seen.
                   A       B       C       D       E      F
               +-------+-------+-------+-------+-------+----------------------
         Total | 100.0 | 100.0 | 100.0 |   N/A | 100.0 |  62.2
       Dungeon | 100.0 | 100.0 | 100.0 |   N/A | 100.0 |  62.2
               +-------+-------+-------+-------+-------+----------------------

Vault maps used:
D:1:      lightli_arrival_flooded_house, supply_closet_lemuel,
          minmay_splitting_lines
D:2:      serial_corexii_hall, corexii_hall_statues_x, corexii_hall_statues_x,
          uniq_sigmund
D:3:      grunt_temple_overflow_forces_of_nature, yredelemnul_altar_generic
D:4:      elyvilon_altar_5, lemuel_round_altar, minmay_temple_entry_glass,
          first_ration
D:5:      uniq_edmund
